 Dungeon Crawl Stone Soup version 0.19-a0-1907-gcff654f (webtiles) character file.

3703 wazuzu the Arsonist (level 9, -9/62 HPs)
             Began as a Mottled Draconian Fire Elementalist on Oct 21, 2016.
             Was an Initiate of Vehumet.
             Mangled by an ogre
             ... wielding a +0 giant spiked club
              (26 damage)
             ... on level 7 of the Dungeon.
             The game lasted 00:37:44 (8826 turns).

wazuzu the Arsonist (DrFE)                          Turns: 8826, Time: 00:37:46

Health: -9/62      AC:  7    Str: 11    XL:     9   Next: 91%
Magic:  12/20      EV: 12    Int: 20    God:    Vehumet [......]
Gold:   351        SH:  0    Dex: 12    Spells: 4 memorised, 10 levels left

rFire  . . .     SeeInvis .     m - +1 dagger (elec)
rCold  . . .     Gourm    .     (armour unavailable)
rNeg   . . .     Faith    .     (no shield)
rPois  .         Spirit   .     (helmet restricted)
rElec  .         Reflect  .     (no cloak)
rCorr  .         Harm     .     (no gloves)
MR     +....                    (no boots)
Stlth  ++........               v - amulet of magic regeneration
                                z - ring of protection from magic
                                d - +2 ring of intelligence

@: short of breath
A: breathe sticky flame splash, unfitting armour, cold-blooded, AC +7
a: Breathe Sticky Flame, Renounce Religion


You were on level 7 of the Dungeon.
You worshipped Vehumet.
Vehumet was noncommittal.
You were not hungry.

You visited 2 branches of the dungeon, and saw 8 of its levels.
You also visited: Sewer and Ossuary.

You collected 516 gold pieces.
You spent 165 gold pieces at shops.

Inventory:

Hand Weapons
 m - a +1 dagger of electrocution (weapon)
Jewellery
 d - a +2 ring of intelligence (left hand)
 v - an amulet of magic regeneration (around neck)
 z - a ring of protection from magic (right hand)
 A - an uncursed amulet of faith {unknown}
Scrolls
 c - a scroll of magic mapping
 e - a scroll of immolation
 n - a scroll of enchant armour
 s - a scroll of amnesia
 t - 3 scrolls of remove curse
 w - a scroll of teleportation
 y - a scroll of torment {unknown}
Potions
 f - 4 potions of might {unknown}
 g - 5 potions of flight
 h - 6 potions of curing
 i - 2 potions of magic {unknown}
 j - 4 potions of haste {unknown}
 l - a potion of ambrosia {unknown}
 o - 4 potions of heal wounds {unknown}
 p - 5 potions of lignification {unknown}
 q - 2 potions of degeneration {unknown}
 r - 5 potions of cure mutation {unknown}
 u - 2 potions of brilliance {unknown}
 x - a potion of resistance {unknown}
Books
 a - a book of Flames

   Spells                             Type                      Level
   a - Flame Tongue                   Conjuration/Fire             1
   b - Throw Flame                    Conjuration/Fire             2
   c - Conjure Flame                  Conjuration/Fire             3
   d - Inner Flame                    Hexes/Fire                   3
   e - Sticky Flame                   Conjuration/Fire             4
   f - Fireball                       Conjuration/Fire             5
Comestibles
 b - 3 bread rations
 k - 8 meat rations


   Skills:
 - Level 1.7 Dodging
 - Level 1.9 Stealth
 + Level 7.9 Spellcasting
 - Level 8.0 Conjurations
 + Level 9.7 Fire Magic


You had 10 spell levels left.
You knew the following spells:

 Your Spells              Type           Power        Failure   Level  Hunger
a - Flame Tongue          Conj/Fire      #####        1%          1    None
b - Conjure Flame         Conj/Fire      #####...     1%          3    None
c - Fireball              Conj/Fire      #####.....   10%         5    #####..
d - Sticky Flame          Conj/Fire      #####...     2%          4    ###....


Dungeon Overview and Level Annotations

Branches:
Dungeon (7/15)             Temple (1/1) D:6

Altars:
Ashenzari
Cheibriados
Dithmenos
Elyvilon
Gozag
Hepliaklqana
Kikubaaqudgha
Makhleb
Nemelex Xobeh
Okawaru
Sif Muna
Trog
Uskayaw
Vehumet
Xom
Yredelemnul
Zin
The Shining One

Shops:
D:6 *


Innate Abilities, Weirdness & Mutations

You can spit globs of burning liquid.
You can ignite nearby creatures when you spit burning liquid.
Your weird mottled scales are hard. (AC +7)
You cannot fit into any form of body armour.
You are cold-blooded and may be slowed by cold attacks.


Message History

The ogre is heavily wounded.
The ogre barely misses you.
Casting: Flame Tongue
Confirm with . or Enter, or press ? or * to list all spells.
Aiming: Flame Tongue
Press: ? - help, Shift-Dir - straight line, f/p - ogre
Aim: an ogre, wielding a giant spiked club (heavily wounded)
The flame tongue hits the ogre.
The ogre is severely wounded.
The ogre hits you with a giant spiked club!!
* * * LOW HITPOINT WARNING * * *
Press: ? - help, Shift-Dir - straight line, f/p - ogre
Aim: an ogre, wielding a giant spiked club (severely wounded)
You spit a glob of burning liquid.
The splash of liquid fire hits the ogre.
The ogre is almost dead.
The ogre is covered in liquid flames!
You feel somewhat more hungry.
The ogre burns!
The ogre hits you with a giant spiked club!!
You die...

... .>.!. #.. .....
..#+#### #...#
.....#. #...# ..
#....#. #...#
...##....#.
###...####...........
#....O...######..<##.
#...@..#.............
#......#.............
#....................
#...........#+##.....
#.........#.#+##.....
#.........#....#.....
#......####)...####..
##########.....# #..
.........## #..


You could see an ogre (burning).

Vanquished Creatures
  Pikel (D:4)
  Grinder (D:3)
  A hippogriff (D:7)
  The ghost of Philosophy the Chopper, an amateur MiBe of Trog (Sewer)
  4 yaks (D:7)
  The ghost of p0werm0de the Insei, an amateur DsWr (D:5)
  An orc warrior (D:4)
  An ice beast (D:7)
  A phantom (D:6)
  2 slaves (D:4)
  A necrophage (D:6)
  3 ogres
  A centaur (D:5)
  The ghost of Xiguana the Charmwright, an amateur HESk (D:4)
  A bullfrog (D:6)
  4 big kobolds
  Blork the orc (D:5)
  2 scorpions (D:4)
  A howler monkey (D:4)
  3 crimson imps
  3 orc priests
  A jelly (D:7)
  A centaur skeleton (D:5)
  An iguana (D:4)
  Jessica (D:3)
  3 worker ants
  8 mummies (Ossuary)
  9 adders
  6 river rats
  3 shadow imps (D:5)
  An ooze (D:2)
  2 worms (D:2)
  10 dart slugs
  A leopard gecko (D:3)
  7 orcs
  A ball python (D:5)
  6 giant cockroaches
  13 goblins
  8 hobgoblins
  8 jackals
  11 bats
  5 frilled lizards
  2 gnoll zombies (Ossuary)
  2 hobgoblin zombies (Ossuary)
  13 kobolds
  2 kobold zombies (Ossuary)
  2 orc zombies (Ossuary)
  16 rats
178 creatures vanquished.

Vanquished Creatures (others)
  An octopode (D:1)
  A vine stalker (D:1)
  An elf (D:1)
  A formicid (D:1)
  3 humans (D:1)
  A slave (D:4)
  A dwarf (D:1)
  2 ogres
  3 centaurs (D:1)
  A hound (D:4)
  A mummy (D:1)
  4 jackals (D:4)
  2 kobolds (D:1)
  4 tentacles (D:1)
26 creatures vanquished.

Grand Total: 204 creatures vanquished

Notes
Turn   | Place    | Note
-------+----------+-------------------------------------------
     0 | D:1      | wazuzu the Draconian Fire Elementalist began the quest for the Orb.
     0 | D:1      | Reached XP level 1. HP: 14/14 MP: 3/3
     2 | D:1      | Noticed an ogre
     2 | D:1      | Noticed a centaur
     2 | D:1      | Noticed a human
     2 | D:1      | Noticed a human
     2 | D:1      | Noticed an elf
     2 | D:1      | Noticed a formicid
     2 | D:1      | Noticed a human
     2 | D:1      | Noticed a kraken
     2 | D:1      | Noticed a centaur
     2 | D:1      | Noticed a centaur
     2 | D:1      | Noticed an octopode
     2 | D:1      | Noticed a dwarf
     2 | D:1      | Noticed a vine stalker
     5 | D:1      | Killed a human
     5 | D:1      | Killed a centaur
     6 | D:1      | Killed a dwarf
     8 | D:1      | Killed a centaur
     8 | D:1      | Killed an ogre
     8 | D:1      | Killed a human
     8 | D:1      | Killed an octopode
     8 | D:1      | Killed an elf
     8 | D:1      | Killed a centaur
    10 | D:1      | Killed a human
    11 | D:1      | Killed a vine stalker
    12 | D:1      | Killed a formicid
   380 | D:1      | Reached XP level 2. HP: 20/20 MP: 1/5
   956 | D:1      | Reached XP level 3. HP: 26/26 MP: 4/6
  2092 | D:2      | Reached XP level 4. HP: 33/33 MP: 5/7
  2342 | D:3      | Reached skill level 4 in Fire Magic
  2455 | D:3      | Noticed Jessica
  2460 | D:3      | Killed Jessica
  2491 | D:3      | Reached XP level 5. HP: 34/38 MP: 1/9
  3376 | D:3      | Found a shattered altar of Ashenzari.
  3466 | D:3      | Noticed Grinder
  3479 | D:3      | Killed Grinder
  3479 | D:3      | Reached skill level 5 in Fire Magic
  3479 | D:3      | Reached XP level 6. HP: 30/45 MP: 1/11
  3930 | D:4      | Noticed Xiguana's ghost (amateur HESk)
  3966 | D:4      | Your scales start taking on a weird mottled colour.
  3966 | D:4      | Reached XP level 7. HP: 48/50 MP: 7/13
  4053 | D:4      | Reached skill level 6 in Fire Magic
  4130 | D:4      | Noticed Pikel
  4231 | D:4      | Killed Pikel
  4231 | D:4      | Reached skill level 5 in Spellcasting
  4231 | D:4      | Reached skill level 5 in Conjurations
  4231 | D:4      | Reached XP level 8. HP: 38/57 MP: 1/15
  4350 | D:4      | Reached skill level 7 in Fire Magic
  4439 | D:4      | Found a sand-covered staircase.
  4444 | Ossuary  | Entered an ossuary
  5237 | D:4      | Found a glowing golden altar of the Shining One.
  5617 | D:5      | Entered Level 5 of the Dungeon
  5637 | D:5      | Noticed Blork the orc
  5644 | D:5      | Killed Blork the orc
  5678 | D:5      | Found a glowing drain.
  5724 | Sewer    | Entered a sewer
  5730 | Sewer    | Noticed Philosophy's ghost (amateur MiBe)
  5748 | Sewer    | Killed Philosophy's ghost
  6061 | Sewer    | Found a white marble altar of Elyvilon.
  6173 | D:4      | Reached skill level 8 in Fire Magic
  6333 | D:4      | Killed Xiguana's ghost
  6351 | D:5      | Found an iron altar of Okawaru.
  6458 | D:5      | Noticed p0werm0de's ghost (amateur DsWr)
  6475 | D:5      | Killed p0werm0de's ghost
  6475 | D:5      | Reached XP level 9. HP: 58/62 MP: 12/18
  7143 | D:6      | Found a staircase to the Ecumenical Temple.
  7161 | Temple   | Entered the Ecumenical Temple
  7299 | Temple   | Became a worshipper of Vehumet
  7418 | D:6      | Learned a level 3 spell: Conjure Flame
  7424 | D:6      | Learned a level 5 spell: Fireball
  7429 | D:6      | Learned a level 4 spell: Sticky Flame
  7641 | D:6      | Found a sparkling altar of Nemelex Xobeh.
  7989 | D:6      | Found Weufuoph's Assorted Antiques.
  7993 | D:6      | Bought a twisted onyx ring for 105 gold pieces
  7993 | D:6      | Bought a murky green potion for 18 gold pieces
  7993 | D:6      | Bought a scroll of identify for 42 gold pieces
  8225 | D:6      | Found a deep blue altar of Sif Muna.
  8225 | D:6      | Found a hide-covered altar of Uskayaw.
  8371 | D:7      | Reached skill level 9 in Fire Magic
  8826 | D:7      | Mangled by an ogre

Vault maps used:
D:1:      nicolae_arrival_kraken_aquarium_b
D:2:      first_bread
D:3:      kennysheep_slugbush, kennysheep_minor_cross, dk_noncrumbling_2,
          nicolae_ashenzari_panopticon, uniq_grinder, uniq_jessica
D:4:      enter_ossuary_2, nicolae_tso_carved_into_rock, uniq_pikel
D:5:      cheibrodos_thug_alley, portal_sewer_entry_e,
          okawaru_ov_weapons_minmay, uniq_blork_the_orc
D:6:      lemuel_coloured_pillars_altar, nicolae_overflow_hidden_temple,
          serial_shops, shop
D:7:      old_standard_altar
Temple:   eino_temple_scatter_basement
Sewer:    sewer_kobolds
Ossuary:  ossuary_tomb_3

Skill      XL: |  1  2  3  4  5  6  7  8  9 |
---------------+----------------------------+-----
Conjurations   | 2 3 4 5 6 8 |  8.0
Fire Magic     | 4 5 6 8 9 |  9.7
Spellcasting   | 3 4 5 6 7 |  7.9
Dodging        | |  1.7
Stealth        | |  1.9

Action                   |  1- 3 |  4- 6 |  7- 9 || total
-------------------------+-------+-------+-------++-------
Melee: Unarmed           |     6 |       |       ||     6
       Club              |    11 |       |       ||    11
       Dagger            |     2 |     3 |    20 ||    25
       Tailslap          |       |       |     2 ||     2
 Cast: Flame Tongue      |    65 |    94 |   300 ||   459
 Abil: Breathe Sticky Fl |       |       |    15 ||    15
  Use: Scroll            |       |     5 |    11 ||    16
       Potion            |       |       |     1 ||     1
 Stab: Distracted        |       |       |     1 ||     1
  Eat: Chunk             |     5 |     5 |    17 ||    27
       Bread ration      |       |     1 |     1 ||     2
Armor: Skin              |    15 |    16 |    36 ||    67
Dodge: Dodged            |    29 |    24 |    95 ||   148
